General information
- name: BNet
- type: Ladder team game (AT/RT)
- host: Battle.net
- saver: urmastersvoice
map: Deadlock
- players: 8
- length: 30:42
- speed: Fast
- version: 1.28 W3XP
- replay type: Public
» download(359 KB)
Players
team 1 (loser)
Paladin (
orange | 70 APM | 2077 actions | 29:37)
3 Mountain King
2 Storm Bolt
1 Bash
2 Paladin
1 Holy Light
1 Divine Shield
» actions
| Assign group hotkey | 22 | |
| Basic commands | 135 | |
| Build / train | 119 | |
| Enter build submenu | 22 | |
| Enter hero's abilities submenu | 5 | |
| Give item / drop item | 1 | |
| Right click | 1158 | |
| Select / deselect | 467 | |
| Select group hotkey | 33 | |
| Use ability | 115 | |
2077 total
» units
| Peasant | 45 | |
| Footman | 13 | |
| Knight | 5 | |
| Hippogryph | 6 | |
69 total
» upgrades
| Defend | 1 | |
| Swords | 3 | |
| Plating | 4 | |
| Animal War Training | 1 | |
| Lumber Harvesting | 2 | |
11 total
» buildings
| Farm | 7 | |
| Altar of Kings | 1 | |
| Barracks | 4 | |
| Arcane Vault | 1 | |
| Town Hall | 1 | |
| Keep | 2 | |
| Blacksmith | 1 | |
| Lumber Mill | 1 | |
| Castle | 2 | |
| Scout Tower | 2 | |
| Arcane Tower | 2 | |
| Ancient of Wind | 1 | |
25 total
» build order
00:10 Farm
00:12 Altar of Kings
00:19 Farm
00:22 Barracks
01:34 Farm
02:01 Arcane Vault
05:18 Town Hall
05:44 Farm
06:03 Farm
06:40 Keep
06:40 Keep
08:52 Blacksmith
08:56 Lumber Mill
09:55 Castle
09:55 Castle
09:58 Barracks
11:26 Barracks
12:52 Barracks
16:22 Farm
16:23 Scout Tower
17:59 Scout Tower
18:31 Arcane Tower
18:31 Arcane Tower
19:01 Farm
25:42 Ancient of Wind
» items
| Scroll of Regeneration | 6 | |
| Lesser Clarity Potion | 5 | |
| Scroll of Town Portal | 3 | |
| Potion of Healing | 3 | |
| Orb of Fire | 2 | |
| Staff of Sanctuary | 1 | |
20 total

»
johnl5r3w9 (
teal | 122 APM | 2607 actions | 21:23)
3 Blademaster
2 Wind Walk
1 Critical Strike
» actions
| Assign group hotkey | 24 | |
| Basic commands | 63 | |
| Build / train | 58 | |
| ESC pressed | 9 | |
| Enter build submenu | 43 | |
| Enter hero's abilities submenu | 3 | |
| Right click | 1070 | |
| Select / deselect | 657 | |
| Select group hotkey | 588 | |
| Use ability | 92 | |
2607 total
» units
| Peon | 14 | |
| Grunt | 2 | |
| Troll Batrider | 23 | |
39 total
» upgrades
| Ranged Weapons | 3 | |
| Berserker Strength | 1 | |
| Liquid Fire | 1 | |
| Armor | 2 | |
7 total
» buildings
| Altar of Storms | 2 | |
| Orc Burrow | 4 | |
| Voodoo Lounge | 4 | |
| Stronghold | 1 | |
| Barracks | 1 | |
| War Mill | 1 | |
| Beastiary | 3 | |
| Fortress | 1 | |
| Watch Tower | 7 | |
| Spirit Lodge | 5 | |
| Chimaera Roost | 4 | |
33 total
» build order
00:05 Altar of Storms
00:07 Orc Burrow
00:11 Altar of Storms
01:03 Voodoo Lounge
02:18 Stronghold
02:32 Barracks
02:47 War Mill
03:33 Orc Burrow
03:45 Orc Burrow
04:40 Beastiary
04:43 Beastiary
05:21 Fortress
07:41 Orc Burrow
16:13 Voodoo Lounge
16:15 Voodoo Lounge
16:18 Watch Tower
16:21 Watch Tower
16:27 Spirit Lodge
16:28 Spirit Lodge
17:14 Watch Tower
17:16 Watch Tower
17:50 Voodoo Lounge
17:59 Watch Tower
18:00 Watch Tower
18:16 Watch Tower
19:08 Beastiary
20:32 Spirit Lodge
20:34 Spirit Lodge
20:37 Spirit Lodge
20:57 Chimaera Roost
20:58 Chimaera Roost
21:00 Chimaera Roost
21:08 Chimaera Roost
» items
| Healing Salve | 1 | |
| Lesser Clarity Potion | 1 | |
| Boots of Speed | 1 | |
| Staff of Teleportation | 1 | |
4 total

»
FaTtKaCh (
blue | 47 APM | 864 actions | 18:15)
3 Keeper of the Grove
1 Force of Nature
2 Thorns Aura
2 Priestess of the Moon
1 Trueshot Aura
1 Scout
» actions
| Assign group hotkey | 10 | |
| Build / train | 57 | |
| Enter build submenu | 24 | |
| Enter hero's abilities submenu | 5 | |
| Right click | 322 | |
| Select / deselect | 236 | |
| Select group hotkey | 149 | |
| Use ability | 61 | |
864 total
» units
| Wisp | 21 | |
| Archer | 4 | |
| Druid of the Talon | 9 | |
34 total
» upgrades
| Strength of the Wild | 2 | |
| Reinforced Hides | 2 | |
| Druid of the Talon Training | 2 | |
| Mark of the Talon | 1 | |
7 total
» buildings
| Altar of Elders | 1 | |
| Moon Well | 5 | |
| Ancient of War | 1 | |
| Tree of Ages | 1 | |
| Hunter's Hall | 1 | |
| Ancient of Wind | 3 | |
| Ancient of Wonders | 1 | |
| Tree of Eternity | 1 | |
| Ancient Protector | 11 | |
25 total
» build order
00:10 Altar of Elders
00:20 Moon Well
00:48 Ancient of War
01:25 Moon Well
02:50 Tree of Ages
03:59 Moon Well
04:04 Hunter's Hall
05:22 Ancient of Wind
05:54 Ancient of Wonders
06:29 Ancient of Wind
06:34 Ancient of Wind
06:55 Moon Well
07:21 Tree of Eternity
08:15 Moon Well
09:20 Ancient Protector
09:55 Ancient Protector
14:03 Ancient Protector
14:07 Ancient Protector
14:45 Ancient Protector
16:07 Ancient Protector
16:11 Ancient Protector
16:26 Ancient Protector
17:20 Ancient Protector
17:23 Ancient Protector
17:27 Ancient Protector
» items
| Dust of Appearance | 2 | |
| Potion of Healing | 1 | |
| Orb of Venom | 1 | |
| Scroll of Town Portal | 3 | |
7 total
urmastersvoice (
red | 119 APM | 3649 actions | 30:42)
4 Archmage
2 Summon Water Elemental
2 Brilliance Aura
3 Pandaren Brewmaster
2 Breath of Fire
1 Drunken Haze
» actions
| Assign group hotkey | 101 | |
| Basic commands | 188 | |
| Build / train | 178 | |
| ESC pressed | 11 | |
| Enter build submenu | 56 | |
| Enter hero's abilities submenu | 7 | |
| Give item / drop item | 2 | |
| Remove unit from queue | 1 | |
| Right click | 1227 | |
| Select / deselect | 571 | |
| Select group hotkey | 1053 | |
| Use ability | 254 | |
3649 total
» units
| Peasant | 32 | |
| Footman | 6 | |
| Rifleman | 10 | |
| Siege Engine | 3 | |
| Knight | 4 | |
| Priest | 3 | |
58 total
» upgrades
| Gunpowder | 3 | |
| Masonry | 4 | |
| Armor | 2 | |
| Long Rifles | 1 | |
| Lumber Harvesting | 1 | |
| Sorceress Training | 1 | |
| Barrage | 1 | |
| Plating | 3 | |
| Priest Training | 2 | |
| Animal War Training | 1 | |
19 total
» buildings
| Altar of Kings | 1 | |
| Barracks | 1 | |
| Farm | 10 | |
| Arcane Vault | 1 | |
| Scout Tower | 31 | |
| Lumber Mill | 2 | |
| Arcane Tower | 5 | |
| Guard Tower | 33 | |
| Town Hall | 2 | |
| Blacksmith | 2 | |
| Keep | 2 | |
| Castle | 2 | |
| Workshop | 1 | |
| Arcane Sanctum | 1 | |
| Gryphon Aviary | 2 | |
96 total
» build order
00:51 Altar of Kings
00:52 Barracks
01:00 Farm
01:03 Farm
01:11 Farm
01:42 Arcane Vault
02:03 Scout Tower
02:10 Scout Tower
02:14 Lumber Mill
02:29 Arcane Tower
02:30 Arcane Tower
03:21 Guard Tower
03:21 Guard Tower
04:04 Town Hall
04:05 Scout Tower
04:08 Scout Tower
04:09 Scout Tower
04:38 Arcane Tower
04:46 Blacksmith
04:48 Blacksmith
05:06 Farm
05:42 Keep
05:42 Keep
06:17 Farm
09:20 Castle
09:20 Castle
10:21 Scout Tower
10:22 Scout Tower
10:59 Arcane Tower
10:59 Arcane Tower
11:16 Guard Tower
11:16 Guard Tower
11:17 Guard Tower
12:05 Scout Tower
12:24 Scout Tower
12:25 Scout Tower
12:31 Guard Tower
12:31 Guard Tower
12:32 Scout Tower
12:52 Guard Tower
12:53 Guard Tower
12:53 Guard Tower
13:12 Guard Tower
14:14 Scout Tower
14:14 Scout Tower
14:15 Scout Tower
14:17 Scout Tower
14:18 Scout Tower
14:32 Lumber Mill
15:43 Guard Tower
15:43 Guard Tower
15:43 Guard Tower
15:47 Guard Tower
15:47 Guard Tower
15:49 Scout Tower
15:49 Scout Tower
15:50 Scout Tower
15:51 Scout Tower
15:51 Scout Tower
15:56 Scout Tower
15:57 Scout Tower
16:02 Scout Tower
16:03 Scout Tower
16:27 Guard Tower
16:27 Guard Tower
16:28 Guard Tower
16:44 Guard Tower
16:44 Guard Tower
16:48 Guard Tower
16:48 Guard Tower
16:49 Guard Tower
17:10 Guard Tower
17:10 Guard Tower
17:10 Guard Tower
17:10 Guard Tower
17:10 Guard Tower
18:23 Scout Tower
18:33 Workshop
18:35 Arcane Sanctum
19:03 Guard Tower
19:03 Guard Tower
19:35 Farm
19:39 Farm
22:00 Farm
22:00 Farm
22:01 Farm
26:26 Town Hall
26:27 Scout Tower
26:28 Scout Tower
26:28 Scout Tower
26:29 Scout Tower
26:37 Scout Tower
27:07 Gryphon Aviary
27:08 Gryphon Aviary
27:11 Guard Tower
27:11 Guard Tower
» items
| Scroll of Regeneration | 8 | |
| Boots of Speed | 1 | |
| Scroll of Town Portal | 6 | |
| Orb of Venom | 1 | |
| Lesser Clarity Potion | 3 | |
| Periapt of Vitality | 2 | |
| Circlet of Nobility | 1 | |
| Scroll of Protection | 2 | |
| Potion of Lesser Invulnerability | 4 | |
| Staff of Sanctuary | 1 | |
| Potion of Healing | 3 | |
| Mechanical Critter | 2 | |
| Potion of Mana | 1 | |
35 total
team 2 (winner)
mess (
green | 97 APM | 2495 actions | 25:50)
4 Blademaster
2 Wind Walk
2 Critical Strike
2 Shadow Hunter
1 Hex
1 Healing Wave
2 Tauren Chieftain
1 War Stomp
1 Endurance Aura
» actions
| Assign group hotkey | 35 | |
| Basic commands | 158 | |
| Build / train | 67 | |
| Enter build submenu | 42 | |
| Enter hero's abilities submenu | 8 | |
| Give item / drop item | 2 | |
| Right click | 1004 | |
| Select / deselect | 493 | |
| Select group hotkey | 533 | |
| Use ability | 153 | |
2495 total
» units
| Peon | 14 | |
| Grunt | 5 | |
| Shaman | 7 | |
| Tauren | 5 | |
| Troll Witch Doctor | 1 | |
| Mortar Team | 1 | |
33 total
» upgrades
| Spiked Barricades | 1 | |
| Shaman Training | 2 | |
| Reinforced Defenses | 1 | |
| Armor | 2 | |
| Melee Weapons | 2 | |
| Sorceress Training | 1 | |
9 total
» buildings
| Altar of Storms | 2 | |
| Orc Burrow | 6 | |
| Barracks | 1 | |
| Voodoo Lounge | 1 | |
| Stronghold | 1 | |
| War Mill | 2 | |
| Watch Tower | 12 | |
| Fortress | 1 | |
| Spirit Lodge | 1 | |
| Great Hall | 4 | |
| Tauren Totem | 2 | |
| Arcane Vault | 1 | |
34 total
» build order
00:05 Altar of Storms
00:07 Altar of Storms
00:11 Orc Burrow
00:22 Orc Burrow
00:58 Barracks
01:38 Orc Burrow
02:13 Voodoo Lounge
03:16 Stronghold
03:33 War Mill
05:20 Watch Tower
05:59 Fortress
06:00 Spirit Lodge
07:03 Orc Burrow
10:02 Great Hall
10:10 Watch Tower
11:56 Tauren Totem
12:32 Watch Tower
13:36 Watch Tower
13:40 Watch Tower
14:27 Watch Tower
14:45 Orc Burrow
15:10 Orc Burrow
15:35 Watch Tower
16:56 Watch Tower
16:58 Tauren Totem
17:09 Great Hall
18:12 Watch Tower
19:02 War Mill
19:30 Watch Tower
22:40 Great Hall
23:07 Great Hall
23:36 Watch Tower
23:39 Watch Tower
25:19 Arcane Vault
» items
| Dust of Appearance | 1 | |
| Healing Salve | 2 | |
| Lesser Clarity Potion | 3 | |
| Scroll of Town Portal | 3 | |
| Scroll of Speed | 2 | |
| Orb of Lightning | 1 | |
12 total
SocietyFailedMe (
pink | 138 APM | 3129 actions | 22:42)
4 Mountain King
2 Storm Bolt
2 Bash
» actions
| Assign group hotkey | 145 | |
| Basic commands | 96 | |
| Build / train | 89 | |
| ESC pressed | 10 | |
| Enter build submenu | 62 | |
| Enter hero's abilities submenu | 4 | |
| Right click | 1451 | |
| Select / deselect | 571 | |
| Select group hotkey | 592 | |
| Use ability | 109 | |
3129 total
» units
| Peasant | 30 | |
| Footman | 8 | |
| Mortar Team | 3 | |
| Flying Machine | 3 | |
44 total
» upgrades
| Masonry | 2 | |
| Gunpowder | 2 | |
| Plating | 2 | |
| Armor | 1 | |
| Lumber Harvesting | 1 | |
| Flare | 1 | |
9 total
» buildings
| Barracks | 1 | |
| Farm | 16 | |
| Altar of Kings | 2 | |
| Lumber Mill | 5 | |
| Town Hall | 3 | |
| Blacksmith | 2 | |
| Scout Tower | 32 | |
| Keep | 2 | |
| Guard Tower | 22 | |
| Castle | 3 | |
| Workshop | 4 | |
| Arcane Sanctum | 6 | |
98 total
» build order
00:19 Barracks
00:33 Farm
00:37 Farm
00:49 Altar of Kings
01:12 Farm
01:32 Farm
01:35 Lumber Mill
02:28 Farm
02:47 Farm
03:52 Farm
04:08 Farm
04:27 Town Hall
04:32 Blacksmith
04:57 Blacksmith
05:48 Farm
05:50 Scout Tower
06:03 Keep
06:16 Scout Tower
06:17 Scout Tower
06:20 Scout Tower
06:21 Scout Tower
06:43 Lumber Mill
06:46 Lumber Mill
07:00 Farm
07:01 Farm
07:03 Scout Tower
07:04 Scout Tower
07:47 Guard Tower
08:16 Lumber Mill
08:35 Castle
09:11 Workshop
09:13 Workshop
09:16 Workshop
09:18 Scout Tower
09:18 Scout Tower
09:26 Guard Tower
09:57 Guard Tower
09:58 Guard Tower
10:00 Workshop
10:46 Scout Tower
10:47 Scout Tower
11:16 Guard Tower
11:29 Town Hall
11:42 Farm
12:01 Scout Tower
12:01 Scout Tower
12:27 Guard Tower
12:27 Guard Tower
12:40 Guard Tower
12:40 Guard Tower
12:52 Scout Tower
12:52 Scout Tower
12:52 Scout Tower
12:54 Scout Tower
13:24 Scout Tower
13:25 Scout Tower
13:25 Scout Tower
13:26 Scout Tower
13:40 Guard Tower
13:40 Guard Tower
13:57 Guard Tower
14:00 Guard Tower
14:42 Guard Tower
15:08 Keep
15:15 Guard Tower
15:47 Town Hall
15:55 Scout Tower
15:56 Scout Tower
15:56 Scout Tower
15:57 Scout Tower
15:58 Scout Tower
16:02 Scout Tower
16:03 Scout Tower
16:04 Scout Tower
16:05 Scout Tower
16:05 Scout Tower
16:06 Scout Tower
17:06 Guard Tower
17:06 Guard Tower
17:07 Guard Tower
17:07 Guard Tower
17:13 Guard Tower
17:13 Guard Tower
18:30 Altar of Kings
18:31 Guard Tower
19:37 Lumber Mill
19:41 Castle
19:41 Castle
20:21 Farm
20:24 Farm
20:25 Farm
20:28 Farm
21:31 Arcane Sanctum
21:32 Arcane Sanctum
21:32 Arcane Sanctum
21:33 Arcane Sanctum
21:48 Arcane Sanctum
21:49 Arcane Sanctum
» items
| Healing Salve | 1 | |
| Scroll of Speed | 1 | |
| Boots of Speed | 1 | |
| Staff of Teleportation | 1 | |
4 total
:(:(:( (
yellow | 74 APM | 1963 actions | 26:26)
6 Blademaster
3 Wind Walk
2 Critical Strike
1 Bladestorm
» actions
| Assign group hotkey | 28 | |
| Basic commands | 21 | |
| Build / train | 76 | |
| ESC pressed | 5 | |
| Enter build submenu | 45 | |
| Enter hero's abilities submenu | 6 | |
| Give item / drop item | 7 | |
| Right click | 865 | |
| Select / deselect | 412 | |
| Select group hotkey | 353 | |
| Use ability | 145 | |
1963 total
» units
| Peon | 17 | |
| Troll Batrider | 15 | |
| Troll Witch Doctor | 2 | |
| Troll Headhunter/Berserker | 1 | |
35 total
» upgrades
| Ranged Weapons | 3 | |
| Witch Doctor Training | 2 | |
| Liquid Fire | 1 | |
| Reinforced Defenses | 1 | |
| Armor | 2 | |
| Berserker Upgrade | 1 | |
10 total
» buildings
| Altar of Storms | 1 | |
| Orc Burrow | 7 | |
| Voodoo Lounge | 2 | |
| War Mill | 1 | |
| Watch Tower | 22 | |
| Stronghold | 1 | |
| Beastiary | 5 | |
| Spirit Lodge | 1 | |
| Fortress | 1 | |
| Great Hall | 3 | |
| Barracks | 3 | |
47 total
» build order
00:18 Altar of Storms
00:22 Orc Burrow
01:03 Voodoo Lounge
01:11 War Mill
02:27 Watch Tower
02:49 Watch Tower
03:45 Stronghold
03:49 Orc Burrow
03:51 Watch Tower
04:04 Orc Burrow
05:19 Watch Tower
05:19 Watch Tower
05:21 Watch Tower
06:19 Beastiary
06:30 Beastiary
06:54 Spirit Lodge
07:23 Fortress
10:11 Orc Burrow
13:05 Great Hall
13:10 Watch Tower
13:26 Watch Tower
14:21 Watch Tower
15:13 Watch Tower
16:11 Watch Tower
16:23 Watch Tower
16:57 Watch Tower
16:59 Watch Tower
18:04 Watch Tower
18:05 Watch Tower
18:06 Beastiary
18:30 Beastiary
18:32 Beastiary
18:39 Watch Tower
18:46 Watch Tower
20:40 Voodoo Lounge
22:06 Great Hall
23:16 Barracks
23:19 Barracks
23:20 Barracks
23:22 Orc Burrow
23:22 Orc Burrow
23:27 Orc Burrow
23:27 Watch Tower
23:28 Watch Tower
23:29 Watch Tower
24:18 Great Hall
24:48 Watch Tower
» items
| Lesser Clarity Potion | 8 | |
| Healing Salve | 4 | |
| Scroll of Speed | 1 | |
| Circlet of Nobility | 3 | |
| Dust of Appearance | 1 | |
| Staff of Teleportation | 1 | |
| Boots of Speed | 1 | |
| Orb of Lightning | 1 | |
| Potion of Healing | 1 | |
| Potion of Mana | 1 | |
22 total
Technomancer (
purple | 61 APM | 1874 actions | 30:42)
7 Archmage
3 Summon Water Elemental
3 Brilliance Aura
1 Mass Teleport
» actions
| Assign group hotkey | 27 | |
| Basic commands | 96 | |
| Build / train | 76 | |
| Enter build submenu | 57 | |
| Enter hero's abilities submenu | 7 | |
| Give item / drop item | 2 | |
| Right click | 568 | |
| Select / deselect | 336 | |
| Select group hotkey | 497 | |
| Use ability | 208 | |
1874 total
» units
| Peasant | 16 | |
| Footman | 4 | |
| Dragonhawk Rider | 6 | |
| Gryphon Rider | 8 | |
34 total
» upgrades
| Masonry | 3 | |
| Lumber Harvesting | 2 | |
| Magic Sentry | 1 | |
| Cloud | 1 | |
| Swords | 3 | |
| Armor | 3 | |
| Animal War Training | 1 | |
| Storm Hammers | 1 | |
15 total
» buildings
| Altar of Kings | 1 | |
| Barracks | 1 | |
| Farm | 10 | |
| Scout Tower | 37 | |
| Keep | 1 | |
| Lumber Mill | 2 | |
| Town Hall | 2 | |
| Arcane Tower | 1 | |
| Guard Tower | 10 | |
| Castle | 1 | |
| Arcane Vault | 1 | |
| Arcane Sanctum | 1 | |
| Gryphon Aviary | 4 | |
| Blacksmith | 2 | |
74 total
» build order
00:46 Altar of Kings
00:48 Barracks
00:52 Farm
00:53 Farm
01:04 Farm
01:37 Farm
02:12 Scout Tower
03:43 Keep
03:59 Lumber Mill
04:06 Town Hall
04:12 Scout Tower
04:14 Scout Tower
04:17 Scout Tower
04:19 Scout Tower
04:30 Arcane Tower
05:14 Guard Tower
05:41 Scout Tower
05:42 Scout Tower
06:29 Castle
06:31 Guard Tower
06:47 Guard Tower
07:57 Arcane Vault
08:00 Arcane Sanctum
08:44 Gryphon Aviary
08:45 Gryphon Aviary
08:45 Gryphon Aviary
10:02 Scout Tower
10:03 Scout Tower
10:04 Scout Tower
10:05 Scout Tower
10:06 Scout Tower
10:11 Scout Tower
10:12 Scout Tower
10:12 Scout Tower
10:13 Scout Tower
10:14 Scout Tower
10:15 Scout Tower
10:49 Guard Tower
11:32 Farm
11:34 Farm
11:38 Farm
12:19 Blacksmith
12:22 Blacksmith
14:54 Gryphon Aviary
15:57 Farm
15:57 Farm
16:02 Farm
19:23 Scout Tower
19:23 Scout Tower
19:23 Scout Tower
19:24 Scout Tower
19:25 Scout Tower
19:26 Scout Tower
19:26 Scout Tower
19:27 Scout Tower
19:28 Scout Tower
19:28 Scout Tower
19:34 Scout Tower
19:34 Scout Tower
19:35 Scout Tower
19:35 Scout Tower
19:36 Scout Tower
20:09 Guard Tower
20:18 Guard Tower
20:22 Lumber Mill
20:42 Guard Tower
21:43 Guard Tower
24:50 Town Hall
25:11 Scout Tower
25:12 Scout Tower
25:13 Scout Tower
25:13 Scout Tower
25:40 Guard Tower
25:41 Guard Tower
» items
| Scroll of Town Portal | 2 | |
| Potion of Healing | 1 | |
| Staff of Teleportation | 1 | |
| Periapt of Vitality | 1 | |
| Scroll of Regeneration | 1 | |
6 total
Chat log
(00:04 / All) SocietyFailedMe: THEY MAD NOW BOYS
(00:23 / Allies) johnl5r3w9: sup bros
(00:24 / Allies) johnl5r3w9: plan untis?
(00:30 / Allies) FaTtKaCh: dryd bear
(00:38 / Allies) FaTtKaCh: rush or cc i dont care
(08:15 / All) Technomancer: queer
(08:20 / Allies) Paladin: help
(11:06 / Allies) urmastersvoice: lumber plz
(11:13 / Allies) urmastersvoice: ty
(12:25 / Allies) Paladin: 2
(14:06 / Allies) urmastersvoice: blue
(14:17 / Allies) Paladin: wood
(14:18 / Allies) Paladin: plz
(16:59 / Allies) Paladin: mass air
(18:00 / All) urmastersvoice: D
(18:01 / All) urmastersvoice: D
(18:18 / Allies) urmastersvoice: wtf
(19:13 / Allies) urmastersvoice: lumber anyone?
(19:20 / Allies) urmastersvoice: ty
(25:07 / Allies) urmastersvoice: tp in a sec
(25:12 / Allies) Paladin: go
(26:31 / All) Technomancer: HEHE
(26:37 / All) Technomancer: that me expo
(26:54 / All) Technomancer: mass tp is demoralizing when it's your ally!
(27:12 / Allies) Paladin: together
(28:18 / All) Technomancer: I have some good news and some bad news orange
(28:23 / All) Technomancer: The good news is none of my allies are going to win
(28:28 / All) Technomancer: The bad news is, neither are you
(28:47 / All) Paladin: i dont really care
(28:48 / All) Paladin: lol
(28:57 / All) Technomancer: Then do us a solid and take a hike
(29:40 / All) urmastersvoice: lol
(29:42 / All) urmastersvoice: he killed my am and left
(29:45 / All) urmastersvoice: it took him forever to get it
(29:50 / All) Technomancer: lawl
(29:52 / All) urmastersvoice: your team lose IMO
(30:02 / All) Technomancer: k but let's stats
(30:07 / All) Technomancer: might be secret undefeated
(30:08 / All) urmastersvoice: oj 37-25
(30:15 / All) urmastersvoice: teal 229-237
(30:28 / All) urmastersvoice: 21-16 blue
(30:32 / All) urmastersvoice: I hate how stats is case sensitive
(30:35 / All) Technomancer: my team all 50%+ except yellow who is 0-1
(30:39 / All) urmastersvoice: annoying with fags like blues name